 Dungeon Crawl Stone Soup version 0.29.1-2-gbd0b4ee654 (webtiles) character file.

Game seed: 14861362173418247516

722 MisterFreud the Twirler (level 8, 0/85 (93) HPs)
             Began as a Formicid Gladiator on Nov 2, 2022.
             Slain by a bullfrog (6 damage)
             ... on level 8 of the Dungeon.
             The game lasted 00:05:21 (3878 turns).

MisterFreud the Twirler (Formicid Gladiator)        Turns: 3878, Time: 00:05:21

HP:   0/85 (93)     AC: 24    Str: 21 (22) XL:     8   Next: 2%
MP:   8/8           EV:  2    Int:  5 (7)  God:
Gold: 174           SH:  0    Dex: 12 (15) Spells: 7/7 levels left

rFire   . . .      SeeInvis .   a - +1 quarterstaff (protect)
rCold   . . .      Faith    .   (no shield)
rNeg    . . .      Spirit   .   (body armour currently unavailable)
rPois   +          Reflect  .   (helmet unavailable)
rElec   .          Harm     .   (cloak currently unavailable)
rCorr   .          Rampage  .   (gloves currently unavailable)
Will    .....                   (boots currently unavailable)
Stlth   +.........              (no amulet)
HPRegen 0.24/turn               (no ring)
MPRegen 0.11/turn               (no ring)

@: brilliant, tree-form, drained
A: stationary, stasis, torment immunity, boosted hp, permanent stasis, dig
shafts and tunnels, (antennae 3), four strong arms
a: no special abilities


You were on level 8 of the Dungeon.
You were a tree.
You visited 1 branch of the dungeon, and saw 6 of its levels.

You collected 174 gold pieces.

Inventory:

Hand Weapons
 a - a +1 quarterstaff of protection (weapon)
Missiles
 c - 3 throwing nets (quivered)
 d - a javelin
Armour
 b - a +0 leather armour
 h - a +2 pair of boots (melded)
 l - a +0 chain mail (melded)
Wands
 g - a wand of quicksilver (5)
Potions
 e - a potion of attraction
 i - 2 potions of flight
 m - a potion of curing


   Skills:
 - Level 5.0 Fighting
 + Level 6.1 Staves
 - Level 2.0 Throwing
 - Level 5.0 Armour
 - Level 2.6 Dodging


You had 7 spell levels left.
You didn't know any spells.
Your spell library contained the following spells:

 Spells                   Type           Power      Damage    Failure   Level
 Sublimation of Blood     Necr           0%         N/A       63%         2
 Wereblood                Tmut           0%         N/A       63%         2
 Summon Hydra             Summ           0%         N/A       100%        7


Dungeon Overview and Level Annotations

Branches:
Dungeon (5/15)               Lair (0/5) D:8
 Temple: D:4-7

Altars:
Elyvilon
Gozag
The Shining One

Shops:
D:1 (


Innate Abilities, Weirdness & Mutations

You are a tree.
Your roots penetrate the ground, keeping you stationary.
You cannot be teleported.
You are immune to unholy pain and torment.
Your maximum health is greatly increased.
Your equipment is partially melded.
You cannot be hasted, slowed, berserked, paralysed or teleported.
You can dig through walls and to a lower floor.
((You have a pair of large antennae on your head. (SInv)))
Your four strong arms can wield two-handed weapons with a shield.


Message History

The killer bee is heavily wounded.
The killer bee stings you but does no damage. x2
Aiming: Quicksilver Bolt
Press: ? - help, Shift-Dir - straight line, f - killer bee
Aim: a killer bee (43% to hit)
The bolt of dispelling energy misses the killer bee. x2
The killer bee stings you but does no damage. x2
Unknown command.
Unknown command.
Aiming: Quicksilver Bolt
Press: ? - help, Shift-Dir - straight line, f/p - killer bee
Aim: a killer bee (43% to hit)
The bolt of dispelling energy hits the killer bee!
You kill the killer bee!
The bolt of dispelling energy hits the killer bee!
The killer bee is almost dead.
The bullfrog hits you but does no damage.
Training target 5.0 for Armour reached!
Your Armour skill increases to level 5!
You need to enable at least one skill for training.
You have reached level 8!
You feel stronger.
Aiming: Quicksilver Bolt
Press: ? - help, Shift-Dir - straight line, f/p - killer bee
Aim: a killer bee (severely wounded, 43% to hit)
The bolt of dispelling energy hits the bullfrog!
The bullfrog is heavily wounded.
The bolt of dispelling energy misses the killer bee.
The bullfrog hits you but does no damage.
Unknown command.
Aiming: Quicksilver Bolt
Press: ? - help, Shift-Dir - straight line, f/p - killer bee
Aim: a killer bee (severely wounded, 43% to hit)
The bolt of dispelling energy misses the bullfrog.
The bolt of dispelling energy hits the killer bee!
You kill the killer bee!
The bullfrog hits you.
* * * LOW HITPOINT WARNING * * *
The bullfrog hits you.
You die...

..####.#.#...≈...#....
##.....###.......
##.............
#.........###
#.........#
#....$....#
#.......y.#
########F## ##♣# ###


You could see a bullfrog and a killer bee.

Vanquished Creatures
  Sigmund (D:5)
  Edmund (D:5)
  A scorpion (D:5)
  5 killer bees (D:8)
  A hound (D:5)
  An iguana (D:5)
  An orc wizard (D:4)
  3 gnolls (D:4)
  4 adders
  A worm (D:3)
  3 dart slugs
  6 orcs
  4 bats
  6 endoplasms
  A giant cockroach (D:2)
  3 goblins
  9 hobgoblins
  4 jackals (D:3)
  4 ball pythons
  A frilled lizard (D:2)
  5 kobolds
  6 rats
71 creatures vanquished.

Vanquished Creatures (collateral kills)
  A bat (D:2)
1 creature vanquished.

Vanquished Creatures (others)
  7 fungi (D:8)
  3 plants (D:8)
10 creatures vanquished.

Grand Total: 82 creatures vanquished

Notes
Turn   | Place    | Note
-------+----------+-------------------------------------------
     0 | D:1      | MisterFreud the Formicid Gladiator began the quest for the
                  | Orb.
     0 | D:1      | Reached XP level 1. HP: 16/16 MP: 1/1
   383 | D:1      | Reached XP level 2. HP: 16/22 MP: 2/2
   467 | D:1      | Found Ogilidd's Antique Weapon Emporium.
  1137 | D:2      | Reached skill level 4 in Staves
  1137 | D:2      | Reached XP level 3. HP: 13/27 MP: 3/3
  1803 | D:3      | Found a white marble altar of Elyvilon.
  2118 | D:4      | Reached XP level 4. HP: 22/33 MP: 4/4
  2258 | D:4      | Reached skill level 5 in Staves
  2429 | D:3      | Found a glowing golden altar of the Shining One.
  2430 | D:3      | Found an opulent altar of Gozag.
  2483 | D:3      | Reached XP level 5. HP: 29/38 MP: 5/5
  3247 | D:4      | Noticed a phantom
  3264 | D:4      | You fall into a shaft and drop 1 floor!
  3264 | D:5      | Entered Level 5 of the Dungeon
  3338 | D:5      | Reached skill level 1 in Armour
  3338 | D:5      | Reached XP level 6. HP: 28/46 MP: 6/6
  3453 | D:5      | Noticed Sigmund
  3477 | D:5      | Killed Sigmund
  3478 | D:5      | Reached skill level 6 in Staves
  3478 | D:5      | Reached XP level 7. HP: 35/53 MP: 7/7
  3712 | D:5      | Noticed Edmund
  3726 | D:5      | Killed Edmund
  3732 | D:5      | You fall into a shaft and drop 3 floors!
  3824 | D:8      | Reached skill level 5 in Fighting
  3834 | D:8      | Noticed a two-headed ogre
  3839 | D:8      | Found a staircase to the Lair.
  3877 | D:8      | Reached skill level 5 in Armour
  3877 | D:8      | Reached XP level 8. HP: 8/57 MP: 8/8
  3878 | D:8      | Slain by a bullfrog

Illustrated notes

Levels and vault maps discovered:
D:1:      minmay_arrival_pointy, layout_basic, serial_shops,
          nicolae_shop_advertising_works [nicolae_subvault_shop_adworks]
D:2:      layout_basic, serial_forest, infiniplex_forest_clump_small,
          infiniplex_forest_clump_large, infiniplex_forest_corner_1,
          infiniplex_forest_lined_2, infiniplex_forest_clump_large,
          infiniplex_forest_lined_room_2
D:3:      layout_loops_ring, lemuel_crystal_altar,
          mainiacjoe_overflow_divided_tiny
D:4:      layout_cave_pods, minmay_temple_entry_enclosed_plants,
          ebering_ghost_disaster_area
D:5:      layout_loops_ring, serial_shops, shop, kennysheep_donut, uniq_edmund,
          uniq_menkaure, uniq_sigmund, uniq_duvessa
D:8:      layout_basic, dpeg_oklobed_lair, grunt_ministairs_4,
          uniq_prince_ribbit1

Skill      XL: |  1  2  3  4  5  6  7 |
---------------+----------------------+-----
Staves         | 4 5 6 |  6.1
Armour         | 1 3 5 |  5.0
Fighting       | 3 5 |  5.0
Throwing       | |  2.0
Dodging        | |  2.6

Action                   |  1- 3 |  4- 6 |  7- 9 || total
-------------------------+-------+-------+-------++-------
Melee: Quarterstaff      |    94 |   108 |    54 ||   256
       Punch             |     1 |     2 |       ||     3
 Abil: Shaft Self        |       |     1 |     1 ||     2
       Dig               |       |       |     2 ||     2
Evoke: Wand              |       |       |     4 ||     4
  Use: Scroll            |     5 |     5 |     2 ||    12
       Potion            |       |       |     4 ||     4
 Stab: Sleeping          |     2 |       |       ||     2
Armor: Leather armour    |    34 |    10 |       ||    44
       Chain mail        |       |    35 |    28 ||    63
       Skin              |       |       |    17 ||    17
Dodge: Dodged            |    66 |    59 |    28 ||   153
